Map: Cosmic Sapphire

Players

Rhizer

  • Race: Protoss Protoss
  • Spawn Location: 11:00

PappiJoe - Winner!

  • Race: Protoss Protoss
  • Spawn Location: 5:00

Event: DreamHack SC2 Masters 2022 Atlanta (Offline)

VOD

Have the link to the VOD?

Description

Time

  • Played on: Nov. 18, 2022, 11:43 a.m.
  • Length: 7:27

All games in this series

Show
View Real Time Build Order
Export as new Build Order

Rhizer Protoss 

Build Orders: Mass Adepts 

Get SALT Encoding   

  12  0:00  Probe  
  13  0:12  Probe  
  14  0:18  Pylon  
  14  0:24  Probe (Chrono Boost)  
  15  0:36  Probe (Chrono Boost)  
  15  0:38  Gateway  
  16  0:45  Probe (Chrono Boost)  
  16  0:47  Assimilator  
  17  0:51  Probe  
  17  0:55  Assimilator  
  18  1:03  Probe (Chrono Boost)  
  19  1:08  Gateway  
  19  1:15  Probe (Chrono Boost)  
  20  1:20  Probe (Chrono Boost)  
  21  1:27  Cybernetics Core  
  21  1:29  Probe  
  22  1:34  Pylon  
  22  1:41  Probe  
  23  1:53  Probe  
  24  2:01  Warp Gate (Chrono Boost)  
  24  2:03  Adept x2  
  24  2:06  Probe  
  29  2:12  Pylon  
  29  2:22  Probe  
  30  2:33  Adept x2  
  34  2:45  Robotics Facility  
  34  3:00  Pylon  
  34  3:03  Adept x2  
  34  3:05  Shield Battery  
  37  3:14  Gateway  
  37  3:16  Probe  
  38  3:30  Immortal (Chrono Boost), Probe  
  43  3:38  Pylon  
  43  3:43  Sentry x2  
  47  4:01  Warp Prism (Chrono Boost)  
  49  4:10  Sentry x2  
  49  4:11  Adept  
  49  4:14  Pylon  
  55  4:31  Observer  
  55  4:35  Nexus  
  56  4:44  Pylon  
  56  4:57  Adept x3  
  60  5:18  Adept x2  
  60  5:19  Adept  
  62  5:26  Probe  
  55  5:38  Probe  
  55  5:39  Adept x3  
  60  5:54  Probe  
  55  6:01  Adept x3  
  55  6:04  Probe  
  52  6:06  Probe  
  51  6:15  Twilight Council  
  51  6:32  Immortal  
  51  6:37  Sentry, Stalker  
  51  6:39  Probe  
  56  6:46  Probe  
  57  6:51  Probe  
  58  6:54  Dark Shrine  
  58  6:58  Probe  
  59  7:03  Stalker  
  61  7:10  Probe  
  62  7:16  Stalker  
Show
View Real Time Build Order
Export as new Build Order

PappiJoe Protoss - Winner!

Build Orders: Phoenix Opening 

Get SALT Encoding   

  12  0:00  Probe  
  13  0:12  Probe  
  14  0:17  Pylon  
  14  0:24  Probe (Chrono Boost)  
  15  0:36  Probe (Chrono Boost)  
  15  0:38  Gateway  
  16  0:44  Probe (Chrono Boost)  
  16  0:48  Assimilator  
  17  0:51  Probe  
  17  0:56  Assimilator  
  19  1:04  Probe (Chrono Boost)  
  19  1:09  Gateway  
  19  1:16  Probe (Chrono Boost)  
  20  1:25  Probe (Chrono Boost)  
  21  1:26  Cybernetics Core  
  21  1:30  Probe  
  22  1:36  Pylon  
  22  1:44  Probe  
  23  1:59  Probe  
  24  2:03  Warp Gate, Stalker x2  
  28  2:13  Probe, Pylon  
  29  2:25  Probe  
  30  2:33  Sentry  
  30  2:34  Sentry  
  33  2:44  Pylon  
  33  3:00  Nexus  
  33  3:02  Pylon  
  33  3:06  Probe  
  33  3:10  Robotics Facility  
  34  3:13  Phoenix  
  34  3:18  Probe  
  35  3:20  Shield Battery  
  35  3:28  Shield Battery  
  35  3:30  Probe  
  35  3:31  Sentry  
  38  3:42  Probe  
  38  3:45  Shield Battery  
  39  3:56  Stalker  
  41  4:08  Immortal (Chrono Boost)  
  43  4:15  Adept  
  47  4:20  Adept  
  47  4:22  Shield Battery  
  49  4:26  Gateway  
  49  4:37  Warp Prism (Chrono Boost)  
  51  4:44  Pylon  
  51  4:47  Adept  
  51  4:51  Adept  
  51  5:08  Immortal (Chrono Boost)  
  51  5:11  Adept  
  57  5:21  Adept x2  
  57  5:32  Adept  
  59  5:40  Shield Battery  
  59  5:43  Immortal (Chrono Boost)  
  63  5:52  Adept x2  
  59  6:05  Adept  
  59  6:07  Probe x2  
  63  6:14  Pylon  
  63  6:28  Adept  
  63  6:29  Adept x2  
  68  6:35  Probe x2  
  70  6:50  Twilight Council  
  70  6:51  Pylon  
  74  7:11  Pylon  
  74  7:12  Adept x3  
  74  7:14  Pylon  
Tags
 
Add a new tag
Caveats
  • Supply blocks, unpowered buildings, or Contaminate may cause inaccurate times.
  • Supply counts are checked every 10 seconds.